 Dungeon Crawl Stone Soup version 0.28.0-47-ge53b351184 (webtiles) character file.

Game seed: 8985672662966386870

106 issech the Shield-Bearer (level 4, 0/44 HPs)
             Began as a Troll Fighter on Apr 27, 2022.
             Slain by Sigmund
             ... wielding a +0 scythe of protection
              (7 damage)
             ... on level 2 of the Dungeon.
             The game lasted 00:06:52 (1837 turns).

issech the Shield-Bearer (Troll Fighter)            Turns: 1837, Time: 00:06:52

Health: 0/44       AC:  4    Str: 24    XL:     4   Next: 55%
Magic:  3/3        EV:  9    Int:  4    God:
Gold:   105        SH:  7    Dex: 11    Spells: 3/3 levels left

rFire   + . .      SeeInvis .   a - +0 flail
rCold   . . .      Faith    .   c - +0 kite shield
rNeg    . . .      Spirit   .   r - +0 robe {rF+}
rPois   .          Reflect  .   (helmet restricted)
rElec   .          Harm     .   (no cloak)
rCorr   .          Rampage  .   (gloves unavailable)
Will    .....                   (boots unavailable)
Stlth   +.........              (no amulet)
HPRegen 0.94/turn               (no ring)
MPRegen 0.08/turn               (no ring)

@: mighty
A: large, unfitting armour, claws 3, regeneration 1, shaggy fur 1, tough skin 1
a: no special abilities


You were on level 2 of the Dungeon.
You visited 1 branch of the dungeon, and saw 3 of its levels.

You collected 105 gold pieces.

Inventory:

Hand Weapons
 a - a +0 flail (weapon)
 n - a +2 hunting sling of flaming
 u - a +0 mace
Missiles
 h - 13 stones (quivered)
 l - 21 arrows
Armour
 b - a +0 robe
 c - a +0 kite shield (worn)
 r - a +0 robe of fire resistance (worn)
Magical Staves
 t - a staff of poison
Scrolls
 g - 2 scrolls of teleportation
 i - 2 scrolls of identify {unknown}
 k - a scroll of immolation {unknown}
 o - a scroll of amnesia {unknown}
 s - 2 scrolls of magic mapping {unknown}
Potions
 e - 2 potions of haste {unknown}
 f - 2 potions of heal wounds
 j - 2 potions of mutation {unknown}
 m - 3 potions of lignification {unknown}
 p - a potion of attraction {unknown}
 q - a potion of resistance {unknown}


   Skills:
 + Level 2.7 Fighting
 + Level 3.0 Maces & Flails
 + Level 0.2 Throwing
 + Level 3.0 Dodging
 + Level 3.0 Shields


You had 3 spell levels left.
You didn't know any spells.
Your spell library contained the following spells:

 Spells                   Type           Power      Damage    Failure   Level
 Apportation              Tloc           0%         N/A       80%         1
 Tukima's Dance           Hex            0%         N/A       99%         3
 Passage of Golubria      Tloc           0%         N/A       100%        4
 Alistair's Intoxication  Tmut/Pois      0%         N/A       100%        5
 Yara's Violent Unravell  Hex/Tmut       0%         3d3       100%        5


Dungeon Overview and Level Annotations

Branches:
Dungeon (3/15)

Altars:

Annotations:
D:2 Natasha, Sigmund


Innate Abilities, Weirdness & Mutations

You are too large for most types of armour.
You have claws for hands.
Your natural rate of healing is unusually fast.
You are covered in fur. (AC +1)
You have tough skin. (AC +1)


Message History

a +0 mace; a +2 ring mail of cold resistance; a ball python corpse
u - a +0 mace Done exploring.
There is an escape hatch in the ceiling here.
A mysterious force pulls you upwards. The hatch slams shut behind you.
Level annotation: Natasha, Sigmund Sigmund shouts!
You throw a stone.
The stone hits Sigmund but does no damage.
You throw a stone. The stone closely misses Sigmund.
The stone closely misses the gnoll.
You feel very mighty all of a sudden.
The gnoll shouts!
Sigmund hits you from afar with a +0 scythe of protection.
The frilled lizard hisses angrily.
You thump Sigmund!
Sigmund is moderately wounded.
You block Sigmund's attack. The gnoll closely misses you.
The gnoll hits you from afar with a +0 halberd.
You sock Sigmund!
Sigmund is heavily wounded.
You block Sigmund's attack.
The gnoll hits you from afar with a +0 halberd.
You hit Sigmund.
Sigmund is severely wounded.
Sigmund casts a spell at you. You resist with some effort.
The gnoll hits you from afar with a +0 halberd.
You hit Sigmund but do no damage.
Sigmund is severely wounded.
Sigmund gestures wildly while chanting.
Sigmund flickers and vanishes!
Deactivating autopickup; reactivate with Ctrl-A.
The gnoll hits you from afar with a +0 halberd!
The frilled lizard hisses.
Something hits you!
The gnoll hits you from afar with a +0 halberd!
* * * LOW HITPOINT WARNING * * *
You miss something. The gnoll closely misses you. Something hits you!
You die...

## ..######## #####
#........# ##...########
.........# #............
#......l#######.....#######
#...(.(gg{@..........>.# ##
##.......#######.....##.###.
.........# #.....##.##..
#........# ###.####.#...
#.#####g## #.# #.....
#.##.....## #.######...
#.##.###..# #####..........
#.##.# ##.####..............
#.##.# #......#############


You could see 2 gnolls and a frilled lizard.

Vanquished Creatures
  Terence (D:3)
  A gnoll (D:3)
  2 adders
  2 worms
  A dart slug (D:1)
  2 endoplasms (D:3)
  2 giant cockroaches
  A goblin (D:2)
  7 hobgoblins
  8 jackals (D:3)
  2 kobolds
  6 ball pythons
  4 bats
  3 frilled lizards
  2 rats
44 creatures vanquished.

Notes
Turn   | Place    | Note
-------+----------+-------------------------------------------
     0 | D:1      | issech the Troll Fighter began the quest for the Orb.
     0 | D:1      | Reached XP level 1. HP: 22/22 MP: 0/0
    51 | D:1      | Found a faded altar of an unknown god.
   596 | D:1      | Reached XP level 2. HP: 25/29 MP: 1/1
   985 | D:2      | Reached XP level 3. HP: 36/36 MP: 2/2
   998 | D:2      | Noticed Sigmund
  1061 | D:2      | Noticed Natasha
  1419 | D:3      | Reached XP level 4. HP: 43/44 MP: 3/3
  1763 | D:2      | Noticed Terence
  1786 | D:3      | Killed Terence
  1837 | D:2      | Slain by Sigmund

Illustrated notes

Levels and vault maps discovered:
D:1:      dpeg_arrival_fog, layout_basic, ebering_ecumenical_altar_sacrificial,
          amethyst_killhole
D:2:      layout_loops_ring, hangedman_feature_mirror, hex_medium,
          guppyfry_early_orc_mine, uniq_sigmund, uniq_natasha, uniq_terence
D:3:      layout_loops_cross

Skill      XL: |  1  2  3  4 |
---------------+-------------+-----
Maces & Flails | 2 3 |  3.0
Shields        | 3 |  3.0
Dodging        | 3 |  3.0
Fighting       | |  2.7
Throwing       | |  0.2

Action                   |  1- 3 |  4- 6 || total
-------------------------+-------+-------++-------
Melee: Flail             |   164 |    28 ||   192
Throw: Stone             |     8 |     2 ||    10
  Use: Scroll            |       |     1 ||     1
       Potion            |       |     1 ||     1
Armor: Robe              |    95 |     6 ||   101
Dodge: Dodged            |   106 |    16 ||   122
Block: Kite shield       |    82 |    17 ||    99
